 Dungeon Crawl Stone Soup version 0.21.0-3-g78d12a8 (webtiles) character file.

16258 Faca the Slicer (level 12, -3/74 HPs)
             Began as a Halfling Abyssal Knight on Jan 10, 2018.
             Was a High Priest of Lugonu.
             Slain by a minotaur
             ... wielding the +9 long sword of Ascent {venom, *Drain Int+5}
              (27 damage)
             ... in a labyrinth.
             The game lasted 00:49:52 (17305 turns).

Faca the Slicer (Halfling Abyssal Knight)          Turns: 17305, Time: 00:49:52

Health: -3/74      AC: 21    Str: 17    XL:     12   Next: 67%
Magic:  7/19       EV: 23    Int: 10    God:    Lugonu [*****.]
Gold:   662        SH:  6    Dex: 27    Spells: 11/11 levels left

rFire    . . .     SeeInvis +   I - +8 rapier of Traps {flame, MR+ Dex+3}
rCold    . . .     Gourm    .   e - +0 buckler
rNeg     + . .     Faith    +   l - +7 ring mail of Luggi {rElec rN+ Dex+5}
rPois    .         Spirit   .   H - +2 helmet
rElec    +         Reflect  .   g - +1 cloak
rCorr    .         Harm     .   (no gloves)
MR       +....                  h - +0 pair of boots
Stlth    ++++......             f - amulet of faith
HPRegen  0.22/turn              v - ring of see invisible
MPRegen  0.16/turn              w - +4 ring of strength

@: lethally poisoned (-3 -> -7)
A: small, mutation resistance 1
a: Depart the Abyss, Bend Space, Banish, Corrupt, Enter the Abyss, Renounce
Religion


You were in a labyrinth.
You worshipped Lugonu.
Lugonu was extremely pleased with you.
You were not hungry.

You visited 3 branches of the dungeon, and saw 14 of its levels.
You visited the Abyss 1 time.
You also visited: Labyrinth.

You collected 746 gold pieces.
You spent 84 gold pieces at shops.

Inventory:

Hand Weapons
 s - a +0 hunting sling
 x - a +2 dagger
 I - the +8 rapier of Traps (weapon) {flame, MR+ Dex+3}
   (You found it on level 9 of the Dungeon)

   It has been specially enchanted to burn those struck by it, causing extra
   injury to most foes and up to half again as much damage against particularly
   susceptible opponents.
   It affects your dexterity (+3).
   It affects your resistance to hostile enchantments.
Missiles
 n - 388 stones (quivered)
 p - 49 sling bullets
 q - 4 tomahawks of returning
Armour
 e - a +0 buckler (worn)
 g - a +1 cloak (worn)
 h - a +0 pair of boots (worn)
 l - the +7 ring mail of Luggi (worn) {rElec rN+ Dex+5}
   (You found it on level 10 of the Dungeon)

   It affects your dexterity (+5).
   It insulates you from electricity.
   It protects you from negative energy.
 H - a +2 helmet (worn)
Jewellery
 f - an amulet of faith (around neck)
 v - a ring of see invisible (left hand)
 w - a +4 ring of strength (right hand)
 J - an uncursed ring of protection from cold
Wands
 K - a wand of enslavement (18)
Scrolls
 i - 2 scrolls of fog
 j - 2 scrolls of enchant armour
 k - 3 scrolls of fear
 r - 4 scrolls of teleportation
 E - 2 scrolls of blinking
 G - 3 scrolls of remove curse
Potions
 a - a potion of flight
 b - 2 potions of lignification
 d - a potion of invisibility
 m - a potion of haste
 o - 2 potions of brilliance
 t - 4 potions of curing
 u - a potion of agility {unknown}
 z - 2 potions of berserk rage
 A - a potion of mutation
 B - a potion of might
 C - a potion of heal wounds
 F - a potion of ambrosia
Comestibles
 c - 5 rations


   Skills:
 - Level 4.0 Fighting
 + Level 11.0 Short Blades
 - Level 9.6 Armour
 + Level 9.9 Dodging
 + Level 10.0 Stealth
 + Level 10.0 Invocations


You had 11 spell levels left.
You didn't know any spells.

Dungeon Overview and Level Annotations

Branches:
Dungeon (11/15)            Temple (1/1) D:6            Lair (2/6) D:10
  Swamp: Lair:2-4    Shoals: Lair:2-4     Snake: Lair:2-4    Spider: Lair:2-4
    Orc: D:9-12

Altars:
Ashenzari
Cheibriados
Dithmenos
Elyvilon
Fedhas
Gozag
Hepliaklqana
Kikubaaqudgha
Makhleb
Nemelex Xobeh
Okawaru
Qazlal
Ru
Sif Muna
Trog
Uskayaw
Vehumet
Wu Jian
Xom
Yredelemnul
Zin
The Shining One
Jiyva

Shops:
D:6 =

Annotations:
D:11 zureal's ghost, journeyman MiBe
Abyss:1 Grinder


Innate Abilities, Weirdness & Mutations

You are small and have problems with some larger weapons.
You are somewhat resistant to further mutation.


Message History

Press: ? - help, Shift-Dir - straight line, f - minotaur
Aim: a minotaur, wielding a bloodstained long sword {venom}, wearing a twisted scale mail and wearing a clouded lead ring (lightly wounded, chance to defeat MR: 58%)
The minotaur resists with significant effort.
You feel somewhat more hungry.
Press: ? - help, v - describe, . - travel
Here: a minotaur, wielding a bloodstained long sword {venom}, wearing a twisted scale mail and wearing a clouded lead ring (lightly wounded)
An open door.
Press: ? - help, Shift-Dir - straight line, f/p - minotaur
Aim: a minotaur, wielding a bloodstained long sword {venom}, wearing a twisted scale mail and wearing a clouded lead ring (lightly wounded, chance to defeat MR: 58%)
The minotaur resists with significant effort.
You feel somewhat more hungry.
The minotaur hits you with a bloodstained long sword {venom}!
You are poisoned.
The minotaur completely misses you.
Press: ? - help, Shift-Dir - straight line, f/p - minotaur
Aim: a minotaur, wielding a bloodstained long sword {venom}, wearing a twisted scale mail and wearing a clouded lead ring (lightly wounded, chance to defeat MR: 58%)
The minotaur resists with significant effort.
You feel somewhat more hungry.
You feel sick.
The minotaur hits you with a bloodstained long sword {venom}!!
You die...

. ##.######
...# ≈≈≈≈ ..#
<≈ #.#.. ...
#.#.# .##
.### # .....#
....
#..###H###..#
#....@......#
#.###.###.###
#. #.# #.#.#
# .. ..#
..### # ..8.
. ## ..######
# #. . . .# #


You could see a minotaur.

Vanquished Creatures
  2 two-headed ogres (D:10)
  Pikel (D:9)
  An ugly thing (D:11)
  An elephant (D:10)
  3 spiny frogs
  3 komodo dragons (Lair:1)
  A troll (D:8)
  4 blink frogs (Lair:1)
  4 hippogriffs
  A vampire (D:11)
  2 shadows (Lab)
  2 wraiths
  15 yaks
  A basilisk (D:10)
  2 hungry ghosts
  3 water moccasins
  Duvessa (D:7)
  2 porcupines (Lair:1)
  7 sky beasts
  A black bear (D:10)
  3 slaves (D:9)
  An orc warrior (D:8)
  2 ice beasts
  2 phantoms (D:4)
  3 ogres
  4 centaurs
  2 crocodiles
  A big kobold (D:11)
  6 bullfrogs
  An earth elemental (Lab)
  Dowan (D:7)
  2 scorpions
  6 killer bees
  6 wights
  2 howler monkeys
  A centaur zombie (D:10)
  8 crimson imps
  2 jellies
  5 centaur skeletons
  6 hounds
  2 orc priests
  14 orc wizards
  4 bullfrog skeletons
  10 worker ants
  4 killer bee zombies
  2 worker ant zombies
  A howler monkey zombie (D:5)
  10 adders
  3 gnolls (D:3)
  2 shadow imps
  2 oozes
  5 adder skeletons
  3 adder zombies
  5 worms
  3 dart slugs
  9 leopard geckos
  44 orcs
  5 giant cockroaches
  9 goblins
  9 hobgoblins
  3 jackals (D:6)
  4 quokkas
  3 ball pythons
  10 bats
  3 frilled lizards
  19 kobolds
  9 rats
  A spectral orc (D:4)
319 creatures vanquished.

Vanquished Creatures (others)
  A two-headed ogre (D:8)
  The ghost of krigyl the Cleaver, an amateur HOMo of Beogh (D:4)
  2 orcs
  4 plants (Lair:1)
8 creatures vanquished.

Grand Total: 327 creatures vanquished

Notes
Turn   | Place    | Note
-------+----------+-------------------------------------------
     0 | Abyss:1  | Faca the Halfling Abyssal Knight began the quest for the Orb.
     0 | Abyss:1  | Reached XP level 1. HP: 15/15 MP: 2/2
     8 | D:1      | Escaped the Abyss
   148 | D:1      | Reached XP level 2. HP: 15/20 MP: 3/3
   571 | D:1      | Reached XP level 3. HP: 25/26 MP: 4/4
   637 | D:1      | Reached ** piety under Lugonu
  1046 | D:1      | Found a viscous altar of Jiyva.
  1158 | D:1      | Reached skill level 3 in Short Blades
  1158 | D:1      | Reached XP level 4. HP: 21/31 MP: 5/5
  2378 | D:3      | Reached *** piety under Lugonu
  2399 | D:3      | Noticed Grinder
  2405 | D:3      | Reached XP level 5. HP: 35/36 MP: 7/7
  2628 | D:3      | You fall through a shaft for 2 floors!
  2628 | D:5      | Entered Level 5 of the Dungeon
  3153 | D:5      | Reached XP level 6. HP: 19/42 MP: 8/8
  3344 | D:5      | Noticed an ogre
  3454 | D:3      | Reached skill level 4 in Short Blades
  3581 | D:3      | Paralysed by Grinder for 5 turns
  3590 | D:3      | Paralysed by Grinder for 3 turns
  3622 | D:3      | Paralysed by Grinder for 3 turns
  3812 | D:3      | Paralysed by Grinder for 4 turns
  3866 | D:3      | Paralysed by Grinder for 5 turns
  4132 | D:3      | Banished Grinder
  4132 | D:3      | Reached XP level 7. HP: 34/48 MP: 9/9
  4638 | D:4      | Noticed krigyl's ghost (amateur HOMo)
  5146 | D:3      | Reached skill level 1 in Stealth
  5658 | D:4      | Reached skill level 5 in Short Blades
  5769 | D:4      | Banished krigyl's ghost
  5769 | D:4      | Reached XP level 8. HP: 54/54 MP: 11/11
  5914 | D:4      | Found a basalt altar of Yredelemnul.
  6513 | D:5      | Reached skill level 5 in Armour
  6689 | D:5      | Reached **** piety under Lugonu
  6791 | D:5      | Found a radiant altar of Vehumet.
  6840 | D:5      | Reached skill level 5 in Invocations
  7188 | D:6      | Found a hazy altar of Hepliaklqana.
  7212 | D:6      | Reached skill level 6 in Short Blades
  7249 | D:6      | Reached skill level 5 in Dodging
  7266 | D:5      | Reached XP level 9. HP: 55/58 MP: 12/12
  7497 | D:6      | Found a staircase to the Ecumenical Temple.
  7521 | Temple   | Entered the Ecumenical Temple
  7667 | D:6      | Found a snail-covered altar of Cheibriados.
  7716 | D:6      | Found a deep blue altar of Sif Muna.
  7863 | D:6      | Found Rato's Jewellery Boutique.
  7869 | D:6      | Bought a cursed -6 ring of slaying for 26 gold pieces
  7869 | D:6      | Bought a cursed ring of loudness for 58 gold pieces
  7908 | D:6      | Found a shattered altar of Ashenzari.
  8720 | D:7      | Found a shimmering altar of Xom.
  8720 | D:7      | Noticed Duvessa
  8723 | D:7      | Noticed Dowan
  8779 | D:7      | Reached skill level 7 in Short Blades
  8779 | D:7      | Reached skill level 5 in Stealth
  8817 | D:7      | Killed Duvessa
  9130 | D:7      | Killed Dowan
  9413 | D:7      | Reached ***** piety under Lugonu
  9530 | D:7      | Found an ancient bone altar of Kikubaaqudgha.
  9750 | D:8      | Found a stormy altar of Qazlal.
  9777 | D:8      | Noticed a hippogriff
  9819 | D:7      | Killed a hippogriff
  9819 | D:7      | Reached XP level 10. HP: 32/63 MP: 14/14
 10087 | D:8      | Noticed a two-headed ogre
 10091 | D:8      | Banished a two-headed ogre
 10131 | D:8      | Reached skill level 8 in Short Blades
 10311 | D:8      | Found a blossoming altar of Fedhas.
 10835 | D:8      | Found a burning altar of Makhleb.
 12180 | D:9      | Noticed a fire dragon
 12264 | D:9      | Noticed Pikel
 12357 | D:9      | Banished a fire dragon
 12735 | D:9      | Reached XP level 11. HP: 69/69 MP: 16/16
 13440 | D:9      | Reached skill level 9 in Short Blades
 13505 | D:9      | Got a fine rapier
 13506 | D:9      | Identified the +8 rapier of Traps {flame, MR+ Dex+3} (You found it on level 9 of the Dungeon)
 14076 | D:10     | Entered Level 10 of the Dungeon
 14086 | D:10     | Noticed a two-headed ogre
 14137 | D:9      | Killed Pikel
 14286 | D:10     | Got a fine ring mail
 14297 | D:10     | Identified the +7 ring mail of Luggi {rElec rN+ Dex+5} (You found it on level 10 of the Dungeon)
 14383 | D:10     | Noticed a two-headed ogre
 14386 | D:10     | Killed a two-headed ogre
 14508 | D:10     | Found a staircase to the Lair.
 14514 | D:10     | Noticed an elephant
 14544 | D:10     | Killed an elephant
 14612 | D:10     | Reached skill level 10 in Short Blades
 14832 | D:11     | Noticed zureal's ghost (journeyman MiBe)
 15588 | D:11     | Noticed a brown ugly thing
 15589 | D:11     | Killed a brown ugly thing
 15589 | D:11     | Reached XP level 12. HP: 70/74 MP: 18/18
 15972 | D:10     | Killed a two-headed ogre
 16122 | Lair:1   | Entered Level 1 of the Lair of Beasts
 17069 | Lair:2   | Found a labyrinth entrance.
 17081 | Lab      | Entered a labyrinth
 17122 | Lab      | Reached skill level 11 in Short Blades
 17128 | Lab      | Reached skill level 10 in Stealth
 17128 | Lab      | Reached skill level 10 in Invocations
 17291 | Lab      | Noticed a minotaur
 17305 | Lab      | Identified the +9 long sword of Ascent {venom, *Drain Int+5}
 17305 | Lab      | Slain by a minotaur

Skill      XL: |  1  2  3  4  5  6  7  8  9 10 11 12 |
---------------+-------------------------------------+-----
Fighting       | 3 4 |  4.0
Short Blades   | 3 4 5 6 7 8 10 11 | 11.0
Dodging        | 2 3 4 5 6 7 9 |  9.9
Armour         | 3 4 5 6 7 9 |  9.6
Invocations    | 3 4 5 6 7 9 10 | 10.0
Stealth        | 2 3 5 7 9 10 | 10.0

Action                   |  1- 3 |  4- 6 |  7- 9 | 10-12 || total
-------------------------+-------+-------+-------+-------++-------
Melee: Short sword       |   118 |   318 |   897 |   467 ||  1800
       Dagger            |       |       |       |    31 ||    31
       Rapier            |       |       |       |   400 ||   400
 Fire: Hunting sling     |       |       |       |     6 ||     6
Throw: Stone             |       |       |       |     2 ||     2
Invok: Bend Space        |       |     1 |     2 |     1 ||     4
       Banish            |       |       |     2 |     6 ||     8
Evoke: Wand              |       |       |       |     1 ||     1
  Use: Scroll            |       |     4 |    15 |     6 ||    25
       Potion            |       |     2 |       |     2 ||     4
 Stab: Sleeping          |       |     2 |     1 |    17 ||    20
  Eat: Chunk             |     1 |     2 |       |     7 ||    10
       Ration            |       |     3 |     5 |     7 ||    15
Armor: Leather armour    |    26 |    44 |       |       ||    70
       Scale mail        |       |    30 |   296 |   139 ||   465
       Ring mail         |       |       |       |    45 ||    45
Dodge: Dodged            |    88 |   166 |   449 |   481 ||  1184
Block: Buckler           |    20 |    47 |   160 |   172 ||   399
